% Time on Ice - EDMONTON ICE
Lines # - Real PCT - Wanted PCT - Time Play
Normal Forward
1 - 38% - 38% - 18:32
2 - 33% - 36% - 16:06
3 - 23% - 23% - 10:59
4 - 6% - 3% - 2:55
Normal Defense
1 - 39% - 37% - 18:46
2 - 34% - 34% - 16:42
3 - 23% - 22% - 11:17
4 - 4% - 7% - 1:47
PP Forward
1 - 52% - 57% - 3:34
2 - 48% - 43% - 3:18
PP Defense
1 - 52% - 57% - 3:34
2 - 48% - 43% - 3:18
PK Forward
1 - 74% - 57% - 3:25
2 - 26% - 43% - 1:11
PK Defense
1 - 64% - 57% - 2:58
2 - 36% - 43% - 1:38
PK3 Forward
1 - 0% - 55%
2 - 0% - 45%
PK3 Defense
1 - 0% - 55%
2 - 0% - 45%
44 Forward
1 - 0% - 55%
2 - 0% - 45%
44 Defense
1 - 0% - 55%
2 - 0% - 45%
Last Minute Offensive  - 0:00
Last Minute Defensive  - 0:00
Total
Forward - 60:00
Defense - 60:00
% Time on Ice - REGINA FALCONS
Lines # - Real PCT - Wanted PCT - Time Play
Normal Forward
1 - 38% - 38% - 18:28
2 - 36% - 36% - 17:18
3 - 21% - 23% - 10:16
4 - 5% - 3% - 2:30
Normal Defense
1 - 40% - 40% - 19:26
2 - 35% - 35% - 16:58
3 - 25% - 25% - 12:08
4 - 0% - 0% - 0:00
PP Forward
1 - 67% - 60% - 3:06
2 - 33% - 40% - 1:30
PP Defense
1 - 70% - 60% - 3:12
2 - 30% - 40% - 1:24
PK Forward
1 - 70% - 55% - 4:49
2 - 30% - 45% - 2:03
PK Defense
1 - 41% - 55% - 2:49
2 - 59% - 45% - 4:03
PK3 Forward
1 - 0% - 55%
2 - 0% - 45%
PK3 Defense
1 - 0% - 55%
2 - 0% - 45%
44 Forward
1 - 0% - 55%
2 - 0% - 45%
44 Defense
1 - 0% - 55%
2 - 0% - 45%
Last Minute Offensive  - 0:00
Last Minute Defensive  - 0:00
Total
Forward - 60:00
Defense - 60:00
Play-by-Play 1st period 0:01 of 1st period - Jonathan Miller wins face-off versus Ryan O'Reilly in neutral zone. 0:16 of 1st period - Shot by Jonathan Audy-Marchessault. 0:16 of 1st period - Shot Misses the Net. 0:18 of 1st period - Shot by Aaron Ekblad. 0:18 of 1st period - Stopped by Philipp Grubauer with a rebound. 1:07 of 1st period - Timo Meier is hit by Tanner Pearson and loses puck. 1:11 of 1st period - Minor Penalty to Tanner Pearson for High sticking. 1:12 of 1st period - Patric Hornqvist wins face-off versus Nick Cousins in REGINA FALCONS zone. 1:19 of 1st period - Shot by Vincent Trocheck. 1:19 of 1st period - Shot Blocked by Marc-Edouard Vlasic. 1:21 of 1st period - Shot by Colton Parayko. 1:21 of 1st period - Stopped by Tristan Jarry with a rebound. 1:23 of 1st period - Shot by Colton Parayko. 1:23 of 1st period - Stopped by Tristan Jarry without a rebound. 1:24 of 1st period - Vincent Trocheck wins face-off versus Greg McKegg in REGINA FALCONS zone. 2:57 of 1st period - Shot by Ryan O'Reilly. 2:57 of 1st period - Stopped by Tristan Jarry without a rebound. 2:58 of 1st period - Vincent Trocheck wins face-off versus Nick Cousins in REGINA FALCONS zone. 3:22 of 1st period - Icing by Tanner Pearson. 3:23 of 1st period - Derick Brassard wins face-off versus Boone Jenner in REGINA FALCONS zone. 3:23 of 1st period - Derick Brassard is hit by Boone Jenner. 3:30 of 1st period - Off-side. 3:31 of 1st period - Vincent Trocheck wins face-off versus Nick Cousins in neutral zone. 3:46 of 1st period - Shot by Patric Hornqvist. 3:46 of 1st period - Shot Misses the Net. 3:51 of 1st period - Icing by Aaron Ekblad. 3:52 of 1st period - Boone Jenner wins face-off versus Tyler Bozak in REGINA FALCONS zone. 4:01 of 1st period - Shot by Corey Perry. 4:01 of 1st period - Stopped by Philipp Grubauer without a rebound. 4:02 of 1st period - Vincent Trocheck wins face-off versus Derick Brassard in EDMONTON ICE zone. 5:15 of 1st period - Icing by Erik Gustafsson. 5:16 of 1st period - Anthony Mantha wins face-off versus Jonathan Miller in REGINA FALCONS zone. 5:16 of 1st period - Ryan O'Reilly is hit by Brenden Dillon and loses puck. 5:41 of 1st period - Shot by Jonathan Miller. 5:41 of 1st period - Shot Blocked by Ryan O'Reilly. 5:43 of 1st period - Shot by Max Pacioretty. 5:43 of 1st period - Stopped by Philipp Grubauer without a rebound. 5:43 of 1st period - Minor Penalty to Jeff Petry for Hooking. 5:44 of 1st period - Jonathan Miller wins face-off versus Boone Jenner in EDMONTON ICE zone. 6:16 of 1st period - Joel Eriksson Ek is hit by Ivan Provorov and loses puck. 6:51 of 1st period - Shot by Anton Stralman. 6:51 of 1st period - Shot Blocked by Colton Parayko. 7:40 of 1st period - Icing by David Pastrnak. 7:41 of 1st period - Vincent Trocheck wins face-off versus David Pastrnak in REGINA FALCONS zone. 7:52 of 1st period - Ryan O'Reilly is hit by Richard Panik and loses puck. 8:03 of 1st period - Shot by Brock McGinn. 8:03 of 1st period - Shot Misses the Net. 8:17 of 1st period - Shot by Nick Cousins. 8:17 of 1st period - Shot Misses the Net. 8:19 of 1st period - Shot by Brenden Dillon. 8:19 of 1st period - Stopped by Philipp Grubauer without a rebound. 8:20 of 1st period - Tyler Bozak wins face-off versus Vincent Trocheck in EDMONTON ICE zone. 8:20 of 1st period - Minor Penalty to Ryan Graves for Roughing. 8:21 of 1st period - Vincent Trocheck wins face-off versus Derick Brassard in EDMONTON ICE zone. 8:42 of 1st period - Shot by Max Pacioretty. 8:42 of 1st period - Stopped by Philipp Grubauer without a rebound. 8:43 of 1st period - Boone Jenner wins face-off versus Jonathan Miller in EDMONTON ICE zone. 8:54 of 1st period - Shot by David Pastrnak. 8:54 of 1st period - Shot Blocked by Colton Parayko. 8:56 of 1st period - Shot by Jonathan Miller. 8:56 of 1st period - Shot Misses the Net. 8:58 of 1st period - Shot by Jonathan Miller. 8:58 of 1st period - Goal by Jonathan Miller - EDMONTON ICE : 0 - REGINA FALCONS : 1. 8:59 of 1st period - Tyler Bozak wins face-off versus Vincent Trocheck in neutral zone. 9:04 of 1st period - Icing by Jeff Petry. 9:05 of 1st period - Vincent Trocheck wins face-off versus Jonathan Miller in EDMONTON ICE zone. 10:21 of 1st period - David Pastrnak is hit by Patric Hornqvist. 10:35 of 1st period - Icing by Jeff Petry. 10:36 of 1st period - Tyler Bozak wins face-off versus Vincent Trocheck in EDMONTON ICE zone. 11:11 of 1st period - Shot by Corey Perry. 11:11 of 1st period - Shot Misses the Net. 11:34 of 1st period - Icing by Colton Parayko. 11:35 of 1st period - Joel Eriksson Ek wins face-off versus Tanner Pearson in EDMONTON ICE zone. 12:51 of 1st period - Jonathan Miller is hit by Anthony Mantha and loses puck. 13:01 of 1st period - Max Pacioretty is hit by Jeff Petry and loses puck. 13:04 of 1st period - Shot by Jonathan Audy-Marchessault. 13:04 of 1st period - Stopped by Philipp Grubauer without a rebound. 13:05 of 1st period - Vincent Trocheck wins face-off versus Tyler Bozak in EDMONTON ICE zone. 13:21 of 1st period - Patric Hornqvist is hit by Brenden Dillon and loses puck. 13:27 of 1st period - Timo Meier is hit by Brenden Dillon and loses puck. 14:22 of 1st period - Shot by Phil Kessel. 14:22 of 1st period - Stopped by Tristan Jarry without a rebound. 14:23 of 1st period - Boone Jenner wins face-off versus Jonathan Miller in REGINA FALCONS zone. 14:34 of 1st period - Mathieu Perreault is hit by Jonathan Audy-Marchessault and loses puck. 14:58 of 1st period - Icing by Shea Theodore. 14:59 of 1st period - Boone Jenner wins face-off versus Derick Brassard in EDMONTON ICE zone. 15:54 of 1st period - Shot by Anthony Mantha. 15:54 of 1st period - Stopped by Tristan Jarry without a rebound. 15:55 of 1st period - Vincent Trocheck wins face-off versus Jonathan Audy-Marchessault in REGINA FALCONS zone. 17:33 of 1st period - Shot by Tyler Bozak. 17:33 of 1st period - Shot Blocked by Jeff Petry. 17:45 of 1st period - Ivan Provorov is hit by Ondrej Kase and loses puck. 18:46 of 1st period - Shot by Max Pacioretty. 18:46 of 1st period - Shot Blocked by Jack Johnson. 18:55 of 1st period - Off-side. 18:56 of 1st period - Nick Cousins wins face-off versus Vincent Trocheck in neutral zone. 19:16 of 1st period - Minor Penalty to Jonas Brodin for Holding. 19:17 of 1st period - Boone Jenner wins face-off versus Jonathan Miller in EDMONTON ICE zone. 19:17 of 1st period - Boone Jenner is hit by Jonathan Audy-Marchessault. Goals for this period are 0 for EDMONTON ICE vs 1 for REGINA FALCONS. Shots for this period are 5 for EDMONTON ICE vs 7 for REGINA FALCONS. 2nd period 0:01 of 2nd period - Jonathan Miller wins face-off versus Boone Jenner in neutral zone. 0:38 of 2nd period - Jonathan Miller is hit by Colton Parayko and loses puck. 1:08 of 2nd period - Icing by Max Pacioretty. 1:09 of 2nd period - Vincent Trocheck wins face-off versus Derick Brassard in REGINA FALCONS zone